 Dungeon Crawl Stone Soup version 0.29-a0-509-g793eeb5391 (webtiles) character file.

Game seed: 7756492703447887107

119 Morbidden the Stinger (level 5, -1/33 HPs)
             Began as an Octopode Venom Mage on May 29, 2022.
             Frozen to death by an endoplasm (4 damage)
             ... on level 2 of the Dungeon.
             The game lasted 00:03:47 (3715 turns).

Morbidden the Stinger (Octopode Venom Mage)         Turns: 3715, Time: 00:03:47

Health: -1/33      AC:  1    Str:  7    XL:     5   Next: 3%
Magic:  9/9        EV: 13    Int: 17    God:
Gold:   82         SH:  0    Dex: 15    Spells: 6/9 levels left

rFire   . . .      SeeInvis .     - Unarmed
rCold   . . .      Faith    .   (no shield)
rNeg    . . .      Spirit   .   (helmet restricted)
rPois   .          Reflect  .   (no amulet)
rElec   .          Harm     .   (no ring)
rCorr   .          Rampage  .   (no ring)
Will    .....                   (no ring)
Stlth   +++.......              (no ring)
HPRegen 0.11/turn               (no ring)
MPRegen 0.11/turn               (no ring)
                                (no ring)
                                (no ring)

@: no status effects
A: almost no armour, amphibious, 8 rings, camouflage 1, gelatinous body 1,
(nimble swimmer 1), tentacles
a: no special abilities


You were on level 2 of the Dungeon.
You visited 1 branch of the dungeon, and saw 3 of its levels.

You collected 82 gold pieces.

Inventory:

Scrolls
 e - a scroll of amnesia
 h - a scroll of magic mapping {unknown}
 j - a scroll of teleportation
 k - a scroll of identify {unknown}
 l - a scroll of enchant weapon
 m - a scroll of poison {unknown}
 n - a scroll of fear
Potions
 a - a potion of magic
 b - a potion of heal wounds
 c - a potion of curing {unknown}
 d - a potion of brilliance {unknown}
 f - a potion of cancellation {unknown}
 g - a potion of ambrosia {unknown}
 i - a potion of degeneration {unknown}


   Skills:
 * Level 1.3 Fighting
 * Level 2.4 Dodging
 + Level 3.1 Stealth
 * Level 1.0 Unarmed Combat
 * Level 2.8 Spellcasting
 * Level 1.5 Transmutations
 * Level 1.1 Air Magic
 * Level 4.2 Poison Magic


You had 6 spell levels left.
You knew the following spells:

 Your Spells              Type           Power      Damage    Failure   Level
a - Sting                 Tmut/Pois      48%        1d5       5%          1
b - Poisonous Vapours     Pois/Air       22%        N/A       9%          2

Your spell library contained the following spells:

 Spells                   Type           Power      Damage    Failure   Level
 Mephitic Cloud           Conj/Pois/Air  8%         N/A       26%         3
 Olgreb's Toxic Radiance  Pois           16%        N/A       30%         4


Dungeon Overview and Level Annotations

Branches:
Dungeon (3/15)

Altars:

Shops:
D:1 :

Annotations:
D:3 Pargi, Sigmund


Innate Abilities, Weirdness & Mutations

You cannot wear most types of armour.
You are amphibious.
You can wear up to eight rings at the same time.
Your skin changes colour to match your surroundings (Stealth+).
Your rubbery body absorbs attacks. (AC +1, EV +1)
((You are camouflaged when in or above water. (Stealth+)))
You have tentacles for arms and can constrict up to eight enemies at once.


Message History

There is a stone staircase leading down here.
You climb downwards.
Level annotation: Jessica, Pargi, Sigmund The endoplasm completely misses you.
Jessica barely misses you. The endoplasm closely misses you.
There is a stone staircase leading up here.
Unknown command.
Unknown command.
You barely miss Jessica. You grab Jessica. You constrict Jessica.
Jessica hits you with a +0 club. The endoplasm freezes you.
You are frozen.
Unknown command.
You tentacle-slap Jessica but do no damage.
Jessica is lightly wounded.
You constrict Jessica. Jessica hits you with a +0 club.
* * * LOW HITPOINT WARNING * * *
The endoplasm barely misses you.
Unknown command.
You barely miss Jessica. You squeeze Jessica.
Jessica is heavily wounded.
You constrict Jessica. Jessica misses you. The endoplasm closely misses you.
Unknown command.
Unknown command.
You release your grip on Jessica.
Jessica gestures wildly while chanting.
Jessica blinks!
The endoplasm freezes you.
You are frozen.
* * * LOW HITPOINT WARNING * * *
You climb upwards.
There is a stone staircase leading down here.
Unknown command.
Unknown command.
Unknown command.
You tentacle-slap Jessica.
You kill Jessica!
The endoplasm freezes you.
You are frozen.
You die...

......# #....#.#...............
..#.#.#####.##.#.#..........#####
......##.....#.#.#......<....#
..#.#..(.###.....#...........#
.........#≈#..#..#......#.#..#
.#)......###.................#
.#............#..#......#.#..#
.#............#J.#..........##
.#.............)@#..........####
.#################.............##
.# #....................#..# .#
#.#######...............# .#
###...[.<.#........#.#.#..# .#
##.....###.#.#####.........# .#
#..###.....#.# #..#.#.#..# .#
#..#=#..##.#.# #.........# .#
#..###...#.#.# #..#.#.#.##


You could see an endoplasm.

Vanquished Creatures
  Jessica (D:2)
  An orc wizard (D:3)
  4 adders
  4 dart slugs
  4 orcs (D:3)
  2 endoplasms (D:1)
  A giant cockroach (D:2)
  7 goblins
  3 hobgoblins
  4 jackals (D:3)
  2 quokkas (D:1)
  3 bats
  3 frilled lizards
  5 kobolds
  5 rats
  A spectral kobold (D:2)
50 creatures vanquished.

Notes
Turn   | Place    | Note
-------+----------+-------------------------------------------
     0 | D:1      | Morbidden the Octopode Venom Mage began the quest for the
                  | Orb.
     0 | D:1      | Reached XP level 1. HP: 11/11 MP: 3/3
   739 | D:1      | Reached XP level 2. HP: 7/17 MP: 1/5
   951 | D:1      | Learned a level 2 spell: Poisonous Vapours
  1175 | D:1      | Found Lackogh's Book Emporium.
  1610 | D:1      | Reached XP level 3. HP: 6/22 MP: 1/6
  1953 | D:1      | Reached skill level 4 in Poison Magic
  2740 | D:2      | Reached XP level 4. HP: 27/27 MP: 2/7
  3090 | D:2      | Found a faded altar of an unknown god.
  3493 | D:3      | Reached skill level 1 in Fighting
  3493 | D:3      | Reached skill level 1 in Unarmed Combat
  3493 | D:3      | Reached skill level 1 in Air Magic
  3505 | D:3      | HP: 1/28 [orc/+0 hand axe (6)]
  3513 | D:3      | Reached XP level 5. HP: 20/33 MP: 3/9
  3518 | D:3      | Noticed Pargi
  3616 | D:3      | Noticed Jessica
  3617 | D:3      | Noticed Sigmund
  3715 | D:2      | Killed Jessica
  3715 | D:2      | Frozen to death by an endoplasm

Illustrated notes

Levels and vault maps discovered:
D:1:      wander_arrival_peaceful_grave, layout_basic, serial_shops,
          nicolae_shop_crystal, minmay_nonomino_d4
D:2:      layout_basic, dreamdust_ecumenical_altar_drowned_temple, serial_glass,
          glass_columns_a, glass_columns_a, glass_columns_a, glass_columns_a,
          glass_columns_a, glass_columns_b, glass_columns_a, glass_columns_c,
          glass_columns_b, glass_columns_a, item_on_display_b,
          item_on_display_a, feat_on_display, feat_on_display
D:3:      layout_loops_ring, uniq_sigmund, uniq_pargi, uniq_jessica

Skill      XL: |  1  2  3  4 |
---------------+-------------+-----
Poison Magic   | 4 |  4.2
Stealth        | 3 |  3.1
Fighting       | 1 |  1.3
Unarmed Combat | 1 |  1.0
Air Magic      | 1 |  1.1
Dodging        | |  2.4
Spellcasting   | |  2.8
Transmutations | |  1.5

Action                   |  1- 3 |  4- 6 || total
-------------------------+-------+-------++-------
Melee: Unarmed           |    72 |    39 ||   111
       Tentacles         |    19 |    10 ||    29
       Constrict         |    17 |     7 ||    24
       Punch             |     1 |       ||     1
 Cast: Sting             |    23 |     9 ||    32
       Poisonous Vapours |     8 |    16 ||    24
  Use: Scroll            |     8 |     1 ||     9
       Potion            |       |     2 ||     2
 Stab: Sleeping          |     5 |       ||     5
       Distracted        |       |     1 ||     1
Armor: Skin              |     9 |     1 ||    10
Dodge: Dodged            |    39 |    35 ||    74

Table legend: (Time is in decaauts)
 A = Elapsed time spent in this place.
 B = Non-inter-level travel time spent in this place.
 C = Inter-level travel time spent in this place.
 D = Time resting spent in this place.
 E = Time spent auto-exploring this place.
 F = Levels seen in this place.
 G = Mean time per level.
                   A        B        C        D        E       F      G
               +--------+--------+--------+--------+--------+-----+--------+
         Total |   3714 |   3629 |     85 |    894 |   2252 |   3 | 1238.0 |
       Dungeon |   3714 |   3629 |     85 |    894 |   2252 |   3 | 1238.0 |
               +--------+--------+--------+--------+--------+-----+--------+

Top non-repeatable levels by time:
     D:1: 2047 daAuts
     D:2: 1288 daAuts
     D:3: 378 daAuts
